 Dungeon Crawl Stone Soup version 0.28.0-53-g5a82cb258f (webtiles) character file.

Game seed: 7125242609275470505

54715 MiltankisOP the Alchemist (level 14, 0/151 HPs)
             Began as a Naga Transmuter on July 12, 2022.
             Was the Champion of Cheibriados.
             Slain by a cane toad (18 damage)
             ... on level 6 of the Lair of Beasts.
             The game lasted 01:08:58 (18077 turns).

MiltankisOP the Alchemist (Naga Transmuter)        Turns: 18077, Time: 01:08:59

Health: 0/151      AC: 12    Str: 36    XL:     14   Next: 74%
Magic:  21/23      EV: 20    Int: 30    God:    Cheibriados [******]
Gold:   588        SH:  0    Dex: 28    Spells: 17/25 levels left

rFire   x . .      SeeInvis +     - Unarmed
rCold   + + +      Faith    .   (shield currently unavailable)
rNeg    . . .      Spirit   .   (armour currently unavailable)
rPois   +          Reflect  .   (helmet currently unavailable)
rElec   .          Harm     .   (cloak currently unavailable)
rCorr   .          Rampage  .   (gloves currently unavailable)
Will    +....                   (no barding)
Stlth   ++........              d - amulet of regeneration
HPRegen 1.15/turn               p - +4 ring of evasion
MPRegen 0.18/turn               B - +6 ring of strength

@: ice-form, studying Slings, very slow
A: freezing attack, amphibious, boosted hp, AC +4, large, see invisible,
(deformed body), (poison resistance), (slowness 2), spit poison 1, (naga tail 2)
a: Spit Poison, End Transformation, Renounce Religion, Bend Time, Temporal
Distortion, Slouch, Step From Time


You were on level 6 of the Lair of Beasts.
You worshipped Cheibriados.
Cheibriados was exalted by your worship.
You were a creature of crystalline ice.
You visited 3 branches of the dungeon, and saw 18 of its levels.
You also visited: Bailey.

You collected 1216 gold pieces.
You spent 628 gold pieces at shops.

Inventory:

Hand Weapons
 M - the +8 storm bow {elec, penet}
   (You took it off an orc on level 9 of the Dungeon)

   Any ammunition fired from it occasionally discharges a powerful burst of
   electricity upon striking a foe.
   Any ammunition fired by it passes through the targets it hits, potentially
   hitting all targets in its path until it reaches maximum range.
Missiles
 K - 5 throwing nets
Armour
 a - a +0 robe
 c - +0 acid dragon scales
 h - a +0 robe of fire resistance
 l - a +0 kite shield
 u - a +1 cloak (melded)
 D - the +1 robe of Dawn (melded) {Int+3}
   (You found it on level 6 of the Dungeon)

   Int:       It affects your intelligence (+3).
 O - +0 ice dragon scales
Jewellery
 b - an amulet of guardian spirit
 d - an amulet of regeneration (around neck)
 k - an amulet of reflection
 p - a +4 ring of evasion (left front paw)
 B - a +6 ring of strength (right front paw)
 F - an amulet of the acrobat
 J - a ring of positive energy
 U - a ring of magical power
Wands
 w - a wand of paralysis (2)
 z - a wand of charming (6)
 A - a wand of iceblast (18)
 L - a wand of acid (2)
 N - a wand of mindburst (12)
 R - a wand of flame (3)
Scrolls
 e - 14 scrolls of teleportation
 g - a scroll of blinking
 i - 5 scrolls of immolation
 j - 2 scrolls of enchant armour
 o - a scroll of magic mapping
 q - a scroll of acquirement {unknown}
 r - a scroll of amnesia
 y - a scroll of identify
 H - a scroll of summoning
 P - a scroll of fog
 Q - a scroll of fear
 S - a scroll of noise
Potions
 f - 2 potions of magic {unknown}
 m - 8 potions of curing
 n - a potion of resistance {unknown}
 s - 2 potions of cancellation
 t - 5 potions of might
 v - 3 potions of berserk rage
 x - 2 potions of attraction
 C - 7 potions of degeneration
 E - 3 potions of brilliance
 G - 3 potions of invisibility
 I - 3 potions of haste {unknown}
 V - a potion of mutation {unknown}


   Skills:
 - Level 8.0 Fighting
 - Level 7.1 Dodging
 - Level 12.0 Unarmed Combat
 - Level 6.2 Spellcasting
 + Level 15.0 Transmutations
 - Level 5.0 Ice Magic
 - Level 5.0 Poison Magic
 - Level 11.0 Invocations


You had 17 spell levels left.
You knew the following spells:

 Your Spells              Type           Power      Damage    Failure   Level
a - Beastly Appendage     Tmut           100%       N/A       0%          1
b - Spider Form           Tmut/Pois      62%        N/A       1%          3
c - Ice Form              Ice/Tmut       62%        N/A       1%          4

Your spell library contained the following spells:

 Spells                   Type           Power      Damage    Failure   Level
 Wereblood                Tmut           78%        N/A       0%          2
 Passwall                 Tmut/Erth      44%        N/A       1%          2
 Poisonous Vapours        Pois/Air       48%        N/A       2%          2
 Animate Skeleton         Necr           18%        N/A       5%          1
 Apportation              Tloc           18%        N/A       5%          1
 Shock                    Conj/Air       36%        1d5       5%          1
 Summon Small Mammal      Summ           36%        N/A       5%          1
 Yara's Violent Unravell  Hex/Tmut       26%        3d11      7%          5
 Corpse Rot               Necr/Air       18%        N/A       8%          2
 Dragon Form              Tmut           39%        N/A       10%         7
 Dazzling Flash           Conj/Hex       18%        N/A       16%         3
 Swiftness                Air            9%         N/A       16%         3
 Tukima's Dance           Hex            9%         N/A       16%         3
 Airstrike                Air            4%         N/A       45%         4
 Cause Fear               Hex            4%         N/A       45%         4
 Passage of Golubria      Tloc           9%         N/A       45%         4
 Agony                    Necr           9%         N/A       82%         5
 Silence                  Hex/Air        4%         N/A       82%         5
 Lehudib's Crystal Spear  Conj/Erth      4%         10d3      100%        8
 Dragon's Call            Summ           4%         N/A       100%        9
 Shatter                  Erth           4%         3d8*      100%        9


Dungeon Overview and Level Annotations

Branches:
Dungeon (11/15)            Temple (1/1) D:5            Lair (6/6) D:11
  Swamp (0/4) Lair:2        Snake (0/4) Lair:2        Slime (0/5) Lair:5
    Orc (0/2) D:10         Bailey (visited)

Altars:
Ashenzari
Cheibriados
Dithmenos
Elyvilon
Gozag
Hepliaklqana
Kikubaaqudgha
Makhleb
Nemelex Xobeh
Okawaru
Qazlal
Ru
Sif Muna
Trog
Uskayaw
Vehumet
Wu Jian
Yredelemnul
The Shining One

Shops:
D:1 (   D:3 *   D:11 :

Annotations:
D:4 1 runed translucent door, Diggabert's ghost, amateur FoAK
Lair:1 exclusion: oklob plant


Innate Abilities, Weirdness & Mutations

You are a creature of crystalline ice.
You have a powerful freezing melee attack.
You are amphibious.
Your maximum health is increased.
Your armour is entirely melded.
You are incapable of wielding weapons or throwing items.
((Your serpentine skin is tough. (AC +4)))
You have supernaturally acute eyesight. (SInv)
((Armour fits poorly on your strangely shaped body.))
((Your system is resistant to poisons. (rPois)))
((You cover ground very slowly.))
You can spit poison.
((You can use your snake-like lower body to constrict enemies.))


Message History

The blink frog blinks!
The blink frog completely misses you. The blink frog misses you.
The blink frog completely misses you.
The blink frog completely misses you. x2
The blink frog hits you but does no damage.
There is an open door here.
You barely miss the cane toad. The blink frog hits you.
* * * LOW HITPOINT WARNING * * *
The blink frog blinks!
The cane toad stings you!
* * * LOW HITPOINT WARNING * * *
You completely miss the cane toad.
The blink frog blinks!
The cane toad completely misses you.
You completely miss the cane toad. The cane toad misses you.
You punch the cane toad! You freeze the cane toad.
The cane toad is moderately wounded.
The cane toad stings you but does no damage.
You punch the cane toad!
The cane toad seems to slow down.
You freeze the cane toad.
The cane toad is almost dead.
The blink frog barely misses you.
You hit the cane toad but do no damage.
The cane toad is almost dead.
The cane toad stings you!
* * * LOW HITPOINT WARNING * * *
The blink frog hits you!
* * * LOW HITPOINT WARNING * * *
The blink frog blinks!
You barely miss the cane toad.
The cane toad is almost dead.
The wolf misses you.
The blink frog blinks!
The cane toad completely misses you.
You feel much better. The wolf bites you!
* * * LOW HITPOINT WARNING * * *
The blink frog blinks!
The wolf closely misses you.
You barely miss the cane toad.
The cane toad is almost dead.
The wolf bites you!
* * * LOW HITPOINT WARNING * * *
The cane toad stings you!!
You die...

###### #...... ###.P.....
.. ......... P. #.......#
#. # #####Y## #.. ##
#..#§Fh# #.###.
#####...⌠.## #####.....
#...F.....)#####.##....h.
#.....#.....#.)†......##
###....)).)))†††)††...####
#.....†.###....)..†.##....
###....#.#
##.......##.....
#.....)###
##.⌠...⌠.#.....Y


You could see a cane toad (slow), a blink frog and a wolf.

Vanquished Creatures
  Harold (D:8)
  13 hydras
  A catoblepas (Lair:2)
  6 two-headed ogres
  3 death yaks (D:11)
  2 orc knights (Bailey)
  A deep elf pyromancer (D:9)
  2 ugly things
  2 cyclopes (D:11)
  4 black mambas
  9 elephants (Lair:4)
  7 cane toads
  Maggie (D:6)
  A kobold demonologist (D:8)
  3 rime drakes
  11 komodo dragons
  A troll (D:11)
  2 polar bears
  6 hornets
  10 blink frogs
  5 slime creatures (D:11)
  11 spriggans (Lair:6)
  A wraith (D:11)
  40 yaks
  6 wyverns
  A vampire (D:11)
  Grum (D:8)
  6 basilisks
  3 vampire mosquitoes (D:11)
  3 swamp worms (Lair:2)
  Menkaure (D:7)
  3 nagas (Lair:2)
  An acid dragon (D:10)
  13 water moccasins
  4 orc warriors
  2 ice beasts
  4 black bears
  3 sky beasts
  A necrophage (D:6)
  An ogre (Temple)
  A wolf (shapeshifter) (D:9)
  13 wolves
  3 boggarts (Lair:6)
  3 centaurs (D:9)
  A phantom (D:6)
  2 kobold brigands (D:9)
  8 bullfrogs
  A scorpion (D:5)
  3 wyvern zombies
  3 killer bees (D:10)
  5 howler monkeys
  An electric eel (Lair:3)
  7 centaur zombies
  3 hounds
  2 jellies
  2 bullfrog zombies
  A centaur skeleton (D:7)
  4 orc priests
  A gnoll shaman (D:10)
  Crazy Yiuf (D:7)
  A bullfrog skeleton (D:4)
  6 iguanas
  A hell rat (D:11)
  4 orc wizards
  3 killer bee zombies (D:7)
  A howler monkey skeleton (D:5)
  2 howler monkey zombies
  7 gnolls
  4 adders
  A river rat (D:3)
  3 ufetubi
  4 worms
  5 dart slugs
  49 orcs
  11 ball pythons
  6 endoplasms
  6 giant cockroaches
  23 goblins
  10 hobgoblins
  7 jackals
  9 quokkas
  3 bats
  4 frilled lizards
  20 kobolds
  11 rats
462 creatures vanquished.

Vanquished Creatures (others)
  A bush (Lair:6)
  19 fungi
  47 plants
67 creatures vanquished.

Grand Total: 529 creatures vanquished

Notes
Turn   | Place    | Note
-------+----------+-------------------------------------------
     0 | D:1      | MiltankisOP the Naga Transmuter began the quest for the
                  | Orb.
     0 | D:1      | Reached XP level 1. HP: 18/18 MP: 3/3
   312 | D:1      | Reached XP level 2. HP: 25/25 MP: 3/5
   578 | D:1      | Reached skill level 1 in Poison Magic
   608 | D:1      | Found Edad's Antique Weapon Shop.
  1000 | D:1      | Reached XP level 3. HP: 23/31 MP: 4/6
  1497 | D:1      | Found a faded altar of an unknown god.
  2344 | D:2      | Reached skill level 3 in Transmutations
  2408 | D:2      | Reached XP level 4. HP: 38/38 MP: 7/7
  2975 | D:3      | Found Koore's General Store.
  2993 | D:3      | Bought a scroll of teleportation for 30 gold pieces
  3096 | D:3      | Reached XP level 5. HP: 34/44 MP: 8/8
  3341 | D:3      | Reached skill level 4 in Transmutations
  3345 | D:3      | Learned a level 3 spell: Spider Form
  3509 | D:3      | Noticed a moth of wrath
  3512 | D:3      | Found a bloodstained altar of Trog.
  3785 | D:4      | Reached skill level 5 in Poison Magic
  3843 | D:4      | Found a runed translucent door.
  4014 | D:4      | Reached XP level 6. HP: 52/52 MP: 6/9
  4117 | D:4      | Found the +9 sword of Zonguldrok {reap}
  4125 | D:4      | Noticed an ice beast
  4145 | D:4      | Killed an ice beast
  4270 | D:4      | Noticed Diggabert's ghost (amateur FoAK)
  4597 | D:5      | Entered Level 5 of the Dungeon
  4657 | D:5      | Noticed a sky beast
  4892 | D:5      | Reached XP level 7. HP: 53/62 MP: 7/10
  4928 | D:5      | You fall into a shaft and drop 2 floors!
  5171 | D:7      | Reached skill level 5 in Unarmed Combat
  5322 | D:7      | Found a basalt altar of Yredelemnul.
  5340 | D:7      | Reached XP level 8. HP: 61/73 MP: 8/11
  5362 | D:7      | Noticed Menkaure
  5373 | D:7      | Killed Menkaure
  5374 | D:7      | Reached skill level 5 in Fighting
  5461 | D:7      | Found a runed translucent door.
  5462 | D:7      | Noticed Crazy Yiuf
  5574 | D:5      | Found a staircase to the Ecumenical Temple.
  5582 | Temple   | Entered the Ecumenical Temple
  5610 | Temple   | Became a worshipper of Cheibriados the Contemplative
  5832 | D:5      | Found an ornate altar of the Wu Jian Council.
  6321 | D:5      | Found an opulent altar of Gozag.
  6326 | D:5      | Found a shimmering blue altar of Sif Muna.
  6329 | D:5      | Found a broken altar of Ashenzari.
  6530 | D:6      | Noticed Maggie
  6553 | D:6      | Killed Maggie
  6553 | D:6      | Reached * piety under Cheibriados
  6554 | D:6      | Reached XP level 9. HP: 25/82 MP: 8/12
  6738 | D:6      | Identified the +1 robe of Dawn {Int+3}
  7284 | D:6      | Noticed a two-headed ogre
  7289 | D:6      | Killed a two-headed ogre
  7290 | D:6      | Reached skill level 10 in Unarmed Combat
  7526 | D:7      | Reached skill level 1 in Invocations
  7708 | D:7      | Reached ** piety under Cheibriados
  8020 | D:7      | Killed Crazy Yiuf
  8021 | D:7      | Reached XP level 10. HP: 91/91 MP: 9/13
  8111 | D:8      | Found a flagged portal.
  8151 | Bailey   | Entered a bailey
  8165 | Bailey   | Noticed an orc warlord
  8199 | Bailey   | Noticed an orc knight
  8217 | Bailey   | Killed an orc knight
  8218 | Bailey   | Reached skill level 5 in Invocations
  8218 | Bailey   | Noticed an orc knight
  8234 | Bailey   | Killed an orc knight
  8296 | Bailey   | Found a runed translucent gate.
  8296 | Bailey   | Found a runed translucent gate.
  8320 | Bailey   | Found a runed translucent gate.
  8465 | D:8      | Reached skill level 10 in Invocations
  8465 | D:8      | Reached XP level 11. HP: 97/97 MP: 15/18
  8491 | D:8      | Reached *** piety under Cheibriados
  8495 | D:8      | Noticed a two-headed ogre
  8505 | D:8      | Killed a two-headed ogre
  8587 | D:8      | Noticed Harold
  8599 | D:8      | Killed Harold
  8900 | D:8      | Noticed Grum
  8915 | D:8      | Killed Grum
  9282 | D:9      | Noticed a two-headed ogre
  9292 | D:9      | Killed a two-headed ogre
  9467 | D:9      | Noticed a deep elf pyromancer
  9468 | D:9      | Noticed a two-headed ogre
  9486 | D:9      | Killed a two-headed ogre
  9492 | D:9      | Reached **** piety under Cheibriados
  9493 | D:9      | Reached XP level 12. HP: 84/110 MP: 14/20
  9593 | D:9      | Noticed an eight-headed hydra
  9603 | D:9      | Killed an eight-headed hydra
  9604 | D:9      | Reached skill level 1 in Ice Magic
  9666 | D:9      | Got Yloqeolah's Handbook of Earth
  9763 | D:9      | Noticed a two-headed ogre
  9771 | D:9      | Killed a two-headed ogre
 10471 | D:10     | Entered Level 10 of the Dungeon
 10761 | D:10     | Noticed a two-headed ogre
 10771 | D:10     | Killed a two-headed ogre
 11235 | D:10     | Reached skill level 5 in Ice Magic
 11374 | D:10     | Reached ***** piety under Cheibriados
 11431 | D:10     | Found a staircase to the Orcish Mines.
 11823 | D:11     | Noticed a four-headed hydra
 11830 | D:11     | Killed a four-headed hydra
 11831 | D:11     | Reached skill level 5 in Transmutations
 11923 | D:11     | Reached skill level 6 in Transmutations
 12033 | D:11     | Noticed a five-headed hydra
 12046 | D:11     | Killed a five-headed hydra
 12047 | D:11     | Reached skill level 7 in Transmutations
 12216 | D:11     | Found Xynarrig's Book Boutique.
 12219 | D:11     | Bought a book of the Dragon for 598 gold pieces
 12254 | D:11     | Found a shadowy altar of Dithmenos.
 12460 | D:11     | Found a staircase to the Lair.
 12460 | D:11     | Noticed a death yak
 12465 | D:11     | Noticed a death yak
 12466 | D:11     | Noticed a death yak
 12475 | D:11     | Killed a death yak
 12476 | D:11     | Reached skill level 8 in Transmutations
 12476 | D:11     | Gained mutation: You can use your snake-like lower body to
                  | constrict enemies. [Naga growth]
 12476 | D:11     | Reached XP level 13. HP: 108/117 MP: 18/21
 12487 | D:11     | Reached skill level 9 in Transmutations
 12774 | D:11     | Learned a level 4 spell: Ice Form
 12823 | Lair:1   | Entered Level 1 of the Lair of Beasts
 13930 | Lair:2   | Reached skill level 10 in Transmutations
 14013 | Lair:2   | Identified the +2 buckler "Ymuof" {Stlth+}
 14198 | Lair:2   | Found a staircase to the Swamp.
 14208 | Lair:2   | Reached skill level 5 in Spellcasting
 14366 | Lair:2   | Found a staircase to the Snake Pit.
 14550 | Lair:2   | Reached ****** piety under Cheibriados
 15521 | Lair:3   | Reached skill level 11 in Transmutations
 15942 | Lair:4   | Reached XP level 14. HP: 126/126 MP: 23/23
 15955 | Lair:4   | Reached skill level 12 in Transmutations
 16367 | Lair:4   | Reached skill level 13 in Transmutations
 16979 | Lair:5   | Found a staircase to the Slime Pits.
 17507 | Lair:6   | Entered Level 6 of the Lair of Beasts
 17892 | Lair:6   | Reached skill level 14 in Transmutations
 18063 | Lair:6   | Reached skill level 15 in Transmutations
 18077 | Lair:6   | Slain by a cane toad

Illustrated notes

Levels and vault maps discovered:
D:1:      nzn_arrival_settlement, layout_loops_ring,
          dilly_ecumenical_altar_fadedgnrine, serial_shops, shop,
          kennysheep_nondescript, minmay_quantized
D:2:      layout_loops_ring, chequers_decorated_corner
D:3:      kennysheep_the_goblin_king, layout_loops_ring, tgw_trog,
          gup_sewer_entry_bubbles, serial_shops, shop, hangedman_decor_riveting,
          minmay_strange_pillars
D:4:      layout_cave_pools, ebering_ghost_inner_flame
D:5:      layout_basic, mainiacjoe_overflow_concentric_impassable,
          minmay_overflow_temple_star_quad, minmay_temple_entry_glassed_door
D:6:      layout_loops_ring, uniq_maggie
D:7:      layout_basic, nicolae_yredelemnul_corpse_copse,
          small_statue_intersection, uniq_crazy_yiuf_cottage, uniq_menkaure
D:8:      layout_loops_cross, enter_bailey_5, kennysheep_generic_room_15,
          uniq_harold, uniq_grum
D:9:      minmay_the_grid_four_pointed_star_mashed
          [minmay_the_grid_triangle_9x9_checkered,
          minmay_the_grid_triangle_9x9_swiss_cheese,
          minmay_the_grid_triangle_9x9_descending_squares,
          minmay_the_grid_triangle_9x9_sprig,
          minmay_the_grid_prize_four_corners_diamond_b], layout_basic
D:10:     layout_layer_cave, hiddenorc1_lemuel
D:11:     layout_rooms, dpeg_lair_monsters, serial_corexii_hall,
          corexii_hall_statues_x, chequers_hall_statues_wall_a,
          corexii_hall_statues_l, corexii_hall_statues_s, serial_shops,
          nicolae_shop_behind_doors, grunt_dithmenos_smoke
Temple:   eino_temple_scatter_basement
Lair:1:   dpeg_oklob_gauntlet, layout_layer_cave, nicolae_quartered_pool_medium,
          st_stairs_7, grunt_megastairs_2
Lair:2:   layout_long_grid, palyth_hydra_swamp_entry,
          minmay_snake_entry_guardpost_small, serial_bayou_shore_b,
          grunt_megastairs_1
Lair:3:   layout_chaotic_city, minivault_25, st_stairs_8, fungi_pond_lemuel,
          chequers_serial_rivers_small_3, hangedman_lair_unloving_vines,
          lemuel_fruit_tree, infiniplex_staircase_pool_2
Lair:4:   layout_cave_pods, beast_lair_carwin_6
Lair:5:   layout_regular_city, nicolae_slime_entry_slimehenge
Lair:6:   minmay_lair_end_enchanted_forest, layout_concentric_octagons,
          gammafunk_ghost_abyssal_escape, infiniplex_staircase_pool,
          grunt_megastairs_4

Skill      XL: |  1  2  3  4  5  6  7  8  9 10 11 12 13 14 |
---------------+-------------------------------------------+-----
Poison Magic   | 1 2 4 5 |  5.0
Transmutations | 3 4 8 11 15 | 15.0
Fighting       | 3 4 6 8 |  8.0
Unarmed Combat | 4 5 8 10 11 12 | 12.0
Dodging        | 4 7 |  7.1
Invocations    | 3 10 11 | 11.0
Ice Magic      | 5 |  5.0
Spellcasting   | 6 |  6.2

Action                   |  1- 3 |  4- 6 |  7- 9 | 10-12 | 13-15 || total
-------------------------+-------+-------+-------+-------+-------++-------
Melee: Unarmed           |   101 |   227 |   307 |   378 |   436 ||  1449
       Headbutt          |    12 |    18 |    31 |    36 |     3 ||   100
       Punch             |     3 |     5 |     5 |     9 |     5 ||    27
       Constrict         |       |       |       |       |     8 ||     8
 Cast: Beastly Appendage |    31 |    20 |    18 |    26 |     7 ||   102
       Spider Form       |       |    16 |    24 |    30 |    20 ||    90
       Ice Form          |       |       |       |       |    35 ||    35
Invok: Slouch            |       |       |       |       |     2 ||     2
 Abil: Spit Poison       |    21 |    22 |     2 |     8 |     1 ||    54
Evoke: Wand              |       |       |     4 |    13 |       ||    17
  Use: Scroll            |       |     2 |       |     6 |    14 ||    22
       Potion            |       |       |     2 |     2 |     3 ||     7
 Stab: Sleeping          |     1 |       |       |     1 |     2 ||     4
       Paralysed         |       |       |       |     5 |       ||     5
       Distracted        |       |       |       |     1 |       ||     1
Armor: Robe              |    11 |    19 |    22 |    37 |     2 ||    91
       Skin              |       |     5 |    13 |     2 |    77 ||    97
Dodge: Dodged            |    47 |   154 |   246 |   444 |   516 ||  1407
